 Dungeon Crawl Stone Soup version 0.32-a0-933-ga8fa3634e4 (webtiles) character file.

Game seed: 6903754705244455714

84 Goblin1989 the Ruffian (level 4, -1/32 HPs)
             Began as a Demonspawn Shapeshifter on Apr 10, 2024.
             Slain by an orc wizard
             ... wielding a +0 dagger
              (3 damage)
             ... on level 3 of the Dungeon on Apr 14, 2024.
             The game lasted 00:08:05 (1904 turns).

Goblin1989 the Ruffian (Demonspawn Shapeshifter)    Turns: 1904, Time: 00:08:06

Health: -1/32      AC:  2    Str: 16    XL:     4   Next: 23%
Magic:  4/4        EV: 11    Int: 11    God:
Gold:   169        SH:  0    Dex: 12    Spells: 3/3 levels left

rFire   . .          .
                       - Unarmed
rCold   . . .        (no shield)
rNeg    . . .        a - +0 animal skin
rPois   .            (helmet currently unavailable)
rElec   .            (cloak currently unavailable)
rCorr   .            (gloves currently unavailable)
SInv    .            (boots currently unavailable)
Will    .....        (no amulet)
Stlth   +            (no ring)
HPRegen 0.25/turn    (no ring)
MPRegen 0.09/turn

%: no passive effects
@: beast-form
A: beast (slay +2), ignite blood 1, powered by death 1, demonic touch 1
a: Begin Untransformation


You were on level 3 of the Dungeon.
You were a hulking beast.
You visited 1 branch of the dungeon, and saw 3 of its levels.

You collected 169 gold pieces.

Inventory:

Hand Weapons
 i - the +11 short sword "Puetaps" {freeze, rPois Int+2 Dex+2}
   (You found it on level 2 of the Dungeon)

   Int+2:     It affects your intelligence (+2).
   Dex+2:     It affects your dexterity (+2).
   rPois:     It protects you from poison.
Armour
 a - a +0 animal skin (worn)
Talismans
 c - a beast talisman (active)
 d - a flux talisman
Scrolls
 f - 2 scrolls of identify {unknown}
 g - a scroll of blinking {unknown}
 l - a scroll of noise {unknown}
Potions
 b - 2 potions of lignification
 e - a potion of cancellation {unknown}
 h - a potion of brilliance {unknown}
 j - a potion of mutation {unknown}
 k - a potion of heal wounds {unknown}
 m - a potion of resistance {unknown}
 n - a potion of curing {unknown}


   Skills:
 - Level 1.0 Fighting
 - Level 1.7 Dodging
 + Level 3.8 Unarmed Combat
 + Level 3.6 Shapeshifting


You had 3 spell levels left.
You didn't know any spells.
Your spell library contained the following spells:

 Spells                   Type           Power      Damage    Failure   Level
 Magic Dart               Conj           0%         1d3       34%         1
 Blink                    Tloc           0%         N/A       47%         2
 Call Imp                 Summ           0%         N/A       47%         2


Dungeon Overview and Level Annotations

Branches:
Dungeon (3/15) Zot: 16102

Altars:

Shops:
D:1 **


Innate Abilities, Weirdness & Mutations

You are a hulking beast.
Your limbs bulge with bestial killing power. (Slay +2)
Your demonic aura sometimes causes spilled blood to erupt in flames.
You regenerate a little health from kills.
Your touch may inflict minor irresistible damage on your foes.


Message History

Found a stone staircase leading down.
As you open the door, it creaks loudly!
Found 10 gold pieces.
There is an open door here.
You now have 169 gold pieces (gained 10).
You open the door.
There is an open door here.
There is an open door here.
Found a stone staircase leading up.
Found a stone staircase leading up.
m - a sedimented brown potion You open the door.
There is an open door here.
Found a stone staircase leading down.
There is a stone staircase leading up here.
n - a silvery potion
Found 6 stones.
There is a stone staircase leading down here.
f - 2 scrolls labelled PYKOUD LIFEO (gained 1)
You open the door.
There is an open door here.
You open the door.
There is an open door here.
An orc wizard, an orc, a ball python and a bat come into view.
The orc wizard shouts!
The orc shouts!
The orc wizard moves out of view.
The bat moves out of view.
There are monsters nearby!
An orc comes into view. It is wielding a +0 dagger.
The orc shouts!
You closely miss the ball python. The ball python bites you.
You take 1 damage, and have 31/32 hp.
You closely miss the ball python.
You touch the ball python.
You kill the ball python!
The orc closely misses you.
The orc wizard casts a spell.
The orc wizard flickers and vanishes!
Deactivating autopickup; reactivate with Ctrl-A.
You punch the orc!
You kill the orc!
The bat barely misses you. The bat misses you.
You punch the bat!
You kill the bat!
Health restored: 32 Something hits you but does no damage.
The orc barely misses you.
Things that are here:
a +0 club; a bat corpse; an orc corpse You closely miss the orc.
Something barely misses you. The orc hits you with a +0 dagger.
You take 4 damage, and have 28/32 hp.
You completely miss the orc. Your touch misses the orc. Something hits you.
The orc closely misses you.
You punch the orc!
You kill the orc!
Something hits you.
You take 2 damage, and have 27/32 hp.
No target in view!
No target in view!
No target in view!
No target in view!
No target in view!
No target in view!
No target in view!
No target in view!
No target in view!
No target in view!
No target in view!
No target in view!
No target in view!
No target in view!
No target in view!
No target in view!
No target in view!
No target in view!
No target in view!
No target in view!
No target in view!
A magic dart appears from out of thin air!
The magic dart hits you.
You take 3 damage, and have 24/32 hp.
Something hits you.
You take 3 damage, and have 22/32 hp.
You miss something. Something barely misses you.
You closely miss something. Something hits you.
You take 3 damage, and have 19/32 hp.
You miss something. Something hits you.
You take 2 damage, and have 17/32 hp.
You miss something. Something hits you.
* * * LOW HITPOINT WARNING * * *
You take 3 damage, and have 14/32 hp.
You barely miss something. Something hits you.
* * * LOW HITPOINT WARNING * * *
You take 2 damage, and have 12/32 hp.
You barely miss something.
You hear some strange, mumbled words.
A magic dart appears from out of thin air!
The magic dart hits you!
* * * LOW HITPOINT WARNING * * *
You take 10 damage, and have 2/32 hp.
MASSIVE DAMAGE!!
You miss something. Your touch misses something. Something hits you.
You die...

█.█.██........ █.█ █.█.██.......
█.█ █.█.██...... █.█ █.█.█ .....
█.█ █.█.█ .... █.███ █.█.█ █..
█.█.. ████∆█.█ █.██████████.█.█
█......███).....>.....█.█
█.......h{........█████.█
█.....███████████.█ █.█
███████████∆██.█ █.█ █.█
█..............█ █.█ █.█
█......>.......█████████∆█████.█
█(...........................█.█
█............................█.█
█............................█.█
█............................█.█


There were no monsters in sight!

Vanquished Creatures
  3 adders (D:2)
  A dart slug (D:1)
  A ribbon worm (D:2)
  2 orcs (D:3)
  9 ball pythons
  4 endoplasms (D:1)
  6 goblins
  2 hobgoblins (D:2)
  3 jackals (D:1)
  4 kobolds
  A quokka (D:1)
  5 bats
  5 frilled lizards (D:1)
  5 rats (D:1)
51 creatures vanquished.

Notes
Turn   | Place    | Note
-------+----------+-------------------------------------------
     0 | D:1      | Goblin1989 the Demonspawn Shapeshifter began the quest for
                  | the Orb.
     0 | D:1      | Reached XP level 1. HP: 15/15 MP: 1/1
    31 | D:1      | Found Qiessat's Assorted Antiques.
    91 | D:1      | Found Qich's Assorted Antiques.
   111 | D:1      | Gained mutation: You regenerate a little health from kills.
                  | [demonic ancestry]
   111 | D:1      | Reached XP level 2. HP: 11/21 MP: 2/2
   625 | D:1      | Gained mutation: Your touch may inflict minor irresistible
                  | damage on your foes. [demonic ancestry]
   625 | D:1      | Reached XP level 3. HP: 26/26 MP: 3/3
   915 | D:1      | Upgraded the game from 0.32-a0-918-g0f22ef8d61 to
                  | 0.32-a0-921-g04a7ad8e02
   915 | D:1      | Upgraded the game from 0.32-a0-921-g04a7ad8e02 to
                  | 0.32-a0-933-ga8fa3634e4
  1127 | D:2      | Identified the +11 short sword "Puetaps" {freeze, rPois
                  | Int+2 Dex+2}
  1243 | D:2      | Found a faded altar of an unknown god.
  1401 | D:2      | Gained mutation: Your demonic aura sometimes causes spilled
                  | blood to erupt in flames. [demonic ancestry]
  1401 | D:2      | Reached XP level 4. HP: 30/32 MP: 4/4
  1904 | D:3      | Slain by an orc wizard

Illustrated notes

Levels and vault maps discovered:
D:1:      evilmike_arrival_crescent, layout_basic, serial_shops,
          nicolae_shop_overgrown_old_shop, shop, minmay_parallelograms,
          patterned_corridor
D:2:      layout_loops_ring, ebering_ecumenical_altar_sacrificial,
          dreamdust_mushroom_princess, st_stairs_2, lightli_corner_chamber
D:3:      layout_basic, zin_angel

Skill      XL: |  1  2 |
---------------+-------+-----
Unarmed Combat | 3 |  3.8
Shapeshifting  | 3 |  3.6
Fighting       | |  1.0
Dodging        | |  1.7

Action                     |  1- 3 |  4- 6 || total
---------------------------+-------+-------++-------
  Melee: Unarmed           |   117 |    16 ||   133
         Punch             |     4 |       ||     4
         Touch             |     6 |     2 ||     8
   Stab: Sleeping          |     1 |       ||     1
 Armour: Animal skin       |    62 |    13 ||    75
  Dodge: Dodged            |    58 |     9 ||    67

Table legend: (Time is in decaauts)
 A = Elapsed time spent in this place.
 B = Non-inter-level travel time spent in this place.
 C = Inter-level travel time spent in this place.
 D = Time resting spent in this place.
 E = Time spent auto-exploring this place.
 F = Levels seen in this place.
 G = Mean time per level.
                   A        B        C        D        E       F      G
               +--------+--------+--------+--------+--------+-----+--------+
         Total |   1896 |   1832 |     64 |      0 |   1536 |   3 |  632.0 |
       Dungeon |   1896 |   1832 |     64 |      0 |   1536 |   3 |  632.0 |
               +--------+--------+--------+--------+--------+-----+--------+

Top non-repeatable levels by time:
     D:1: 928 daAuts
     D:2: 738 daAuts
     D:3: 230 daAuts
